 Dungeon Crawl Stone Soup version 0.32-a0-876-gcfddb08e57 (webtiles) character file.

Game seed: 6978921947781128982

16299 TacoSundae the Martial Artist (level 12, -15/97 HPs)
             Began as a Merfolk Shapeshifter on Apr 1, 2024.
             Was an Elder of Wu Jian.
             Hit by a javelin thrown by a minotaur (34 damage)
             ... in a Gauntlet.
             The game lasted 00:49:07 (12207 turns).

TacoSundae the Martial Artist (MfSh)               Turns: 12207, Time: 00:49:08

Health: -15/97     AC:  5    Str: 16    XL:     12   Next: 36%
Magic:  12/12      EV: 23    Int: 10    God:    Wu Jian [****..]
Gold:   606        SH:  5    Dex: 16    Spells: 11/11 levels left

rFire   . .          .
                       - Unarmed
rCold   . . .        (no shield)
rNeg    . . .        x - melded +1 leather armour "Huak" {rPois rF++}
rPois   +            L - +2 helmet {SInv}
rElec   .            E - +1 cloak {rPois}
rCorr   .            (no gloves)
SInv    +            (no boots)
Will    .....        t - amulet of reflection
Stlth   +            e - +5 ring of evasion
HPRegen 0.36/turn    s - +4 ring of slaying
MPRegen 0.13/turn

%: no teleportation, reflection
@: maw-form, hasted, very quick
A: devouring maw, (nimble swimmer 2), mertail
a: Begin Untransformation, Renounce Religion, Wall Jump, Serpent's Lash


You were in a Gauntlet.
You worshipped Wu Jian.
Wu Jian was greatly pleased with you.
You were a creature with a mouth for a stomach.
You visited 3 branches of the dungeon, and saw 13 of its levels.
You also visited: Sewer and Gauntlet.

You collected 906 gold pieces.
You spent 300 gold pieces at shops.

Inventory:

Missiles
 n - 6 curare-tipped darts (quivered)
Armour
 x - the +1 leather armour "Huak" (melded) {rPois rF++}
   (You found it on level 6 of the Dungeon)

   rF++:      It greatly protects you from fire.
   rPois:     It protects you from poison.
 E - a +1 cloak of poison resistance (worn)
 G - +0 acid dragon scales
 I - the +0 hat of Lastrour {Int+3 SInv}
   (You found it on level 11 of the Dungeon)

   Int+3:     It affects your intelligence (+3).
   SInv:      It lets you see invisible.
 K - a +2 buckler
 L - a +2 helmet of see invisible (worn)
Jewellery
 e - a +5 ring of evasion (left hand)
 g - a ring of protection from fire
 s - a +4 ring of slaying (right hand)
 t - an amulet of reflection (around neck)
 F - an amulet of magic regeneration
 H - a ring of ice
Talismans
 c - a beast talisman
 d - a flux talisman
 o - a maw talisman (active)
Wands
 q - a wand of quicksilver (2)
 v - a wand of flame (16)
 y - a wand of mindburst (50)
 C - a wand of iceblast (7)
Scrolls
 a - 5 scrolls of poison
 i - a scroll of blinking
 j - 2 scrolls of butterflies
 m - 3 scrolls of teleportation
 r - 2 scrolls of enchant armour
 A - a scroll of amnesia
 B - 2 scrolls of fog
 D - a scroll of torment
Potions
 b - 3 potions of lignification
 f - 3 potions of enlightenment
 h - a potion of brilliance
 k - a potion of attraction
 l - 3 potions of might
 p - 2 potions of resistance
 u - 2 potions of curing
 w - 4 potions of heal wounds
 z - 2 potions of haste
 J - a potion of magic


   Skills:
 + Level 9.9 Fighting
 + Level 11.9 Dodging
 * Level 14.0 Unarmed Combat
 + Level 11.4 Shapeshifting


You had 11 spell levels left.
You didn't know any spells.
Your spell library contained the following spells:

 Spells                   Type           Power      Damage    Failure   Level
 Freeze                   Ice            0%         1d3       36%         1
 Static Discharge         Conj/Air       0%         3-3/arc   50%         2
 Frozen Ramparts          Ice            0%         1d1       75%         3
 Hailstorm                Conj/Ice       0%         3d5       75%         3
 Tukima's Dance           Hex            0%         N/A       75%         3
 Volatile Blastmotes      Fire/Tloc      0%         2d10      75%         3
 Airstrike                Air            0%         2d(0-16)  98%         4
 Brom's Barrelling Bould  Conj/Erth      0%         2d3       98%         4
 Fulminant Prism          Conj/Alch      0%         3d5       98%         4
 Iskenderun's Mystic Bla Conj/Tloc 0%             2d3        (+2d1     98%         4
 Olgreb's Toxic Radiance  Alch           0%         N/A       98%         4
 Passage of Golubria      Tloc           0%         N/A       98%         4
 Summon Lightning Spire   Summ/Air       0%         N/A       98%         4
 Fireball                 Conj/Fire      0%         3d3       100%        5
 Iskenderun's Battlesphe  Conj           0%         2d6       100%        5
 Metabolic Englaciation   Hex/Ice        0%         N/A       100%        5
 Yara's Violent Unravell  Hex/Alch       0%         3d3       100%        5
 Conjure Ball Lightning   Conj/Air       0%         3x3d6     100%        6
 Orb of Destruction       Conj           0%         9d5       100%        7


Dungeon Overview and Level Annotations

Branches:
Dungeon (11/15)            Temple (1/1) D:4            Lair (1/5) D:11
    Orc (0/2) D:9           Sewer (visited)         Gauntlet (1/1)

Altars:
Ashenzari
Cheibriados
Dithmenos
Elyvilon
Fedhas
Gozag
Hepliaklqana
Kikubaaqudgha
Makhleb
Nemelex Xobeh
Okawaru
Qazlal
Ru
Sif Muna
Trog
Uskayaw
Vehumet
Wu Jian
Xom
Yredelemnul
Zin
The Shining One
Beogh

Shops:
D:2 *[:**   D:10 [?[[*

Annotations:
D:7 exclusion: 2 doors
D:9 1 runed translucent door, rbyellow5's ghost, novice OnWr Gauntlet 6 transporters


Innate Abilities, Weirdness & Mutations

You are a creature with a mouth for a stomach.
Your midsection houses a second, enormous mouth.
((You are very nimble when in or above water. (Stealth+, EV+, Speed+++)))
Your lower body shifts to a powerful aquatic tail in water.


Message History

There is a transporter, spattered with blood here.
Things that are here:
a +0 dagger; a +0 robe You enter the transporter and appear at another place.
A minotaur comes into view. It is wielding a staff of alchemy.
The minotaur bellows!
You barely miss the minotaur. You bite the minotaur!
The minotaur is lightly wounded.
The minotaur misses you. The minotaur completely misses you.
You closely miss the minotaur.
The minotaur furiously retaliates!
The minotaur headbutts you.
You bite the minotaur.
The minotaur is lightly wounded.
The minotaur hits you with a staff of alchemy!!
The minotaur envenoms you.
You are poisoned.
The minotaur gores you.
You hit the minotaur but do no damage.
You punch the minotaur, but do no damage.
The minotaur is lightly wounded.
You feel sick.
You pummel the minotaur!!
You bite the minotaur, but do no damage.
The minotaur is heavily wounded.
You punch the minotaur!
You bite the minotaur, but do no damage.
The minotaur is heavily wounded.
You feel sick.
You are no longer poisoned.
The minotaur misses you. The minotaur gores you!
You hit the minotaur but do no damage.
You bite the minotaur, but do no damage.
The minotaur is heavily wounded.
You hit the minotaur but do no damage.
The minotaur is heavily wounded.
The minotaur hits you with a staff of alchemy!
The minotaur envenoms you. The minotaur gores you!
* * * LOW HITPOINT WARNING * * *
Unknown command.
The minotaur throws a javelin.
The javelin pierces through you!!
You die...

#.#.#.#.#.#..#§ß≈#
#..#.©.#)©#..#...# ##
#.#.#.#.#)#..#.ß.##..
#..#.#.#..#..#...##.#.#
#.#.#.#.#.#..#.ß....#.#
#.........#..#...##.#.#
###########..#...##...# +#
............≈#.©.##.#.##.⌠
............∩#..W...#.'.
............≈#.©.##H#.#
###########..#...##...#
#.X.xXX.x.#..#...##.#.#
#.#x##.##.#..#.ß....#.#
#.#..#..#?#..#...##.#.#
#.##.##.#.#..#.ß.##...#
#..#.©#..X#..#...######
#..##.##.)#..#≈ߧ#


You could see a minotaur and a large abomination (wandering).

Vanquished Creatures
  Erica (D:11)
  3 two-headed ogres (D:11)
  A boulder beetle (D:7)
  A death yak (D:11)
  2 occultists (Gauntlet)
  A tengu warrior (Gauntlet)
  3 black mambas (Lair:1)
  A smoke demon (Gauntlet)
  3 unseen horrors
  Psyche (D:11)
  A tengu conjurer (Gauntlet)
  4 trolls
  2 shadows (D:10)
  2 wraiths
  A vampire (D:11)
  2 wyverns
  11 yaks
  An acid dragon (D:11)
  5 water moccasins
  2 black bears
  3 sky beasts
  3 ice beasts
  An orc warrior (D:9)
  A crocodile (Sewer)
  3 centaurs
  3 ogres
  A kobold brigand (D:7)
  4 bullfrogs
  2 gnoll sergeants
  5 scorpions
  9 wights
  11 killer bees
  12 howler monkeys
  A bombardier beetle (D:5)
  3 crimson imps (Gauntlet)
  4 hounds
  4 jellies
  3 orc priests
  3 sleepcaps
  5 iguanas
  2 orc wizards (D:6)
  6 gnolls
  10 adders
  3 shadow imps (Gauntlet)
  2 white imps
  2 ufetubi (D:5)
  2 ribbon worms
  2 dart slugs
  33 orcs
  4 endoplasms
  5 giant cockroaches
  7 hobgoblins
  6 jackals
  A quokka (D:5)
  7 ball pythons
  5 bats
  7 frilled lizards
  8 goblins
  12 kobolds
  3 rats
256 creatures vanquished.

Notes
Turn   | Place    | Note
-------+----------+-------------------------------------------
     0 | D:1      | TacoSundae the Merfolk Shapeshifter began the quest for the
                  | Orb.
     0 | D:1      | Reached XP level 1. HP: 15/15 MP: 1/1
   305 | D:1      | Reached XP level 2. HP: 19/21 MP: 2/2
   853 | D:1      | Found a faded altar of an unknown god.
  1017 | D:2      | Found Uviji's General Store.
  1049 | D:2      | Found Nothratt's Book Boutique.
  1112 | D:2      | Reached XP level 3. HP: 25/27 MP: 3/3
  1185 | D:2      | Reached skill level 4 in Unarmed Combat
  1433 | D:2      | Found Zaq Ipimma's Armour Boutique.
  1615 | D:2      | Found Beul's General Store.
  1626 | D:2      | Found Vycso's Assorted Antiques.
  1633 | D:2      | Bought an emerald potion for 18 gold pieces
  1633 | D:2      | Bought a coppery potion for 18 gold pieces
  1750 | D:3      | Reached XP level 4. HP: 31/33 MP: 4/4
  2072 | D:3      | Reached XP level 5. HP: 33/39 MP: 5/5
  2350 | D:3      | Found a bloodstained altar of Trog.
  2354 | D:3      | Found a shimmering blue altar of Sif Muna.
  2800 | D:4      | Found a staircase to the Ecumenical Temple.
  2830 | D:4      | Reached skill level 5 in Unarmed Combat
  2840 | D:4      | Found a basalt altar of Yredelemnul.
  2890 | D:4      | Reached XP level 6. HP: 27/46 MP: 6/6
  2913 | Temple   | Entered the Ecumenical Temple
  2970 | Temple   | Became a worshipper of the Wu Jian Council
  3212 | D:4      | Reached skill level 5 in Shapeshifting
  3386 | D:5      | Entered Level 5 of the Dungeon
  3708 | D:5      | Noticed a yak
  3725 | D:5      | Reached skill level 6 in Unarmed Combat
  3725 | D:5      | Reached XP level 7. HP: 52/52 MP: 7/7
  3731 | D:5      | Killed a yak
  3732 | D:5      | Reached skill level 5 in Dodging
  4262 | D:5      | Reached XP level 8. HP: 53/61 MP: 8/8
  4437 | D:5      | Reached skill level 7 in Unarmed Combat
  5028 | D:6      | Identified the +1 leather armour "Huak" {rPois rF++}
  5123 | D:6      | Reached * piety under Wu Jian
  5132 | D:6      | Reached skill level 5 in Fighting
  5161 | D:6      | Reached skill level 8 in Unarmed Combat
  5162 | D:6      | Found a glowing drain.
  5169 | Sewer    | Entered a sewer
  5407 | D:6      | Reached XP level 9. HP: 59/68 MP: 9/9
  5616 | D:6      | Found a glowing golden altar of the Shining One.
  5616 | D:6      | Found a shimmering altar of Xom.
  6049 | D:7      | Reached skill level 9 in Unarmed Combat
  6305 | D:7      | Reached ** piety under Wu Jian
  6439 | D:7      | Noticed a boulder beetle
  6469 | D:7      | Killed a boulder beetle
  6470 | D:7      | Reached skill level 10 in Unarmed Combat
  6470 | D:7      | Reached XP level 10. HP: 70/77 MP: 10/10
  8186 | D:9      | Reached skill level 11 in Unarmed Combat
  8552 | D:9      | Found a runed translucent door.
  8554 | D:9      | Noticed rbyellow5's ghost (novice OnWr)
  8996 | D:9      | Found a staircase to the Orcish Mines.
  9011 | D:9      | Reached *** piety under Wu Jian
  9021 | D:9      | Found a roughly hewn altar of Beogh.
  9108 | D:10     | Entered Level 10 of the Dungeon
  9293 | D:10     | Found Mimasch's Assorted Antiques.
  9293 | D:10     | Found Biczuhu's Armour Emporium.
  9293 | D:10     | Found Imemumapt's Armour Boutique.
  9510 | D:10     | Found a hazy altar of Hepliaklqana.
  9527 | D:10     | Found a sacrificial altar of Ru.
  9560 | D:10     | Reached XP level 11. HP: 35/86 MP: 11/11
  9568 | D:10     | Reached skill level 10 in Dodging
  9576 | D:10     | Reached skill level 12 in Unarmed Combat
  9766 | D:10     | Reached skill level 10 in Shapeshifting
  9935 | D:10     | Identified the +6 rapier of Hicykk {drain, rC- Will++}
 10038 | D:10     | Found Laatoycy's Magic Scroll Boutique.
 10046 | D:10     | Found Yphakega's Antique Armour Emporium.
 10073 | D:10     | Found an opulent altar of Gozag.
 10073 | D:10     | Found a glowing silver altar of Zin.
 10135 | D:10     | Bought a scroll of identify for 54 gold pieces
 10191 | D:10     | Bought a runed cloak for 210 gold pieces
 10269 | D:11     | Noticed a two-headed ogre
 10270 | D:11     | Identified the +4 lajatang of the Protecting Gods {freeze,
                  | rF+ rC+ Int+2}
 10282 | D:11     | Killed a two-headed ogre
 10545 | D:11     | Noticed a two-headed ogre
 10553 | D:11     | Killed a two-headed ogre
 10693 | D:11     | Noticed a two-headed ogre
 10699 | D:11     | Noticed Erica
 10699 | D:11     | Noticed a death yak
 10702 | D:11     | Killed a two-headed ogre
 10705 | D:11     | Killed Erica
 10706 | D:11     | Reached skill level 13 in Unarmed Combat
 10709 | D:11     | Killed a death yak
 10722 | D:11     | Found a staircase to the Lair.
 11103 | D:11     | Identified the +0 hat of Lastrour {Int+3 SInv}
 11142 | D:11     | Noticed Psyche
 11147 | D:11     | Killed Psyche
 11526 | Lair:1   | Entered Level 1 of the Lair of Beasts
 11613 | Lair:1   | Reached XP level 12. HP: 87/96 MP: 12/12
 11652 | Lair:1   | Reached **** piety under Wu Jian
 11658 | Lair:1   | Noticed a six-headed hydra
 11695 | Lair:1   | Found a gate leading to a gauntlet.
 11708 | Gauntlet | Entered a Gauntlet
 11708 | Gauntlet | Found a transporter.
 11708 | Gauntlet | Found a transporter.
 11708 | Gauntlet | Found a transporter.
 11709 | Gauntlet | Found a transporter.
 11712 | Gauntlet | Found a transporter.
 11712 | Gauntlet | Found a transporter.
 11712 | Gauntlet | Noticed a tengu warrior
 11723 | Gauntlet | Found a transporter.
 11726 | Gauntlet | Found a transporter.
 11726 | Gauntlet | Found a transporter.
 11727 | Gauntlet | Found a transporter.
 11731 | Gauntlet | Noticed an occultist
 11734 | Gauntlet | Noticed an occultist
 11737 | Gauntlet | Found a transporter.
 11741 | Gauntlet | Found a transporter.
 11992 | Gauntlet | Killed a tengu warrior
 12011 | Gauntlet | Got the Enchiridion on Projection and Signs
 12165 | Gauntlet | Killed an occultist
 12166 | Gauntlet | Reached skill level 14 in Unarmed Combat
 12168 | Gauntlet | Killed an occultist
 12195 | Gauntlet | Noticed a minotaur
 12207 | Gauntlet | Hit by a javelin thrown by a minotaur

Illustrated notes

Levels and vault maps discovered:
D:1:      giann_horns, layout_basic, basic_ecumenical_altar
D:2:      layout_loops_ring, serial_shops, shop,
          nicolae_shop_just_a_little_nook, nicolae_shop_behind_doors, shop,
          nicolae_shop_peninsula, st_stairs_2
D:3:      layout_basic, hellmonk_overflow_destroyed_library
D:4:      layout_cave_pools, yredelemnul_altar_generic,
          minmay_temple_entry_wispy
D:5:      minmay_opposing_rooms, layout_basic
D:6:      layout_cave_pools, gammafunk_temple_overflow_statue,
          mainiacjoe_sewer_entry_somewhere_in_here_2
D:7:      cheibrodos_two_vegetables, layout_layer_cave
D:8:      layout_cave_pools, nicolae_concentric_dashed_squares_mild,
          minivault_27, nicolae_underground_beach
D:9:      layout_roguey, minmay_orc_entry_temple_small,
          ebering_ghost_reflecting_pool, hangedman_abyss_or_decor_slice
D:10:     layout_rooms, grunt_temple_overflow_gold_and_silver,
          mainiacjoe_overflow_catwalk_spiral, serial_shops, shop, shop, shop,
          shop, shop
D:11:     layout_loops_corners, dpeg_lair_monsters, uniq_erica, uniq_psyche
Temple:   compressed_dpeg_triangle_lava_temple
Lair:1:   cheibrodos_lair_river_kwai, layout_cave_pods, gauntlet_entry_generic,
          serial_bayou_lagoon_a, serial_bayou_shore_b
Gauntlet: gammafunk_gauntlet_hard_choice [nicolae_gauntlet_swirl,
          nicolae_gauntlet_arena_t_cross, nicolae_gauntlet_arena_quarters,
          gammafunk_gauntlet_arena_split_x, gammafunk_gauntlet_arena_grid,
          nicolae_gauntlet_arena_grate_2, gauntlet_exit_hidden_loot]

Skill      XL: |  1  2  3  4  5  6  7  8  9 10 11 12 |
---------------+-------------------------------------+-----
Dodging        | 3 4 5 6 8 9 11 | 11.9
Unarmed Combat | 4 5 6 8 10 11 13 14 | 14.0
Fighting       | 2 3 4 5 6 8 9 |  9.9
Shapeshifting  | 5 6 7 8 9 10 11 | 11.4

Action                     |  1- 3 |  4- 6 |  7- 9 | 10-12 || total
---------------------------+-------+-------+-------+-------++-------
  Melee: Unarmed           |    99 |   136 |   225 |   358 ||   818
         Punch             |     2 |     6 |     6 |    24 ||    38
         Tailslap          |       |       |     1 |       ||     1
         Maw               |       |       |       |    51 ||    51
  Throw: Dart              |       |       |       |     5 ||     5
Ability: Lunge             |       |     2 |    16 |    33 ||    51
         Whirlwind         |       |       |     4 |    33 ||    37
         Wall Jump         |       |       |       |     1 ||     1
    Use: Scroll            |     7 |     6 |     4 |     8 ||    25
         Potion            |       |       |       |     2 ||     2
   Stab: Sleeping          |       |     1 |     1 |     3 ||     5
         Distracted        |       |       |     1 |       ||     1
 Armour: Animal skin       |    29 |       |       |       ||    29
         Leather armour    |    22 |    55 |    55 |    85 ||   217
         Skin              |       |       |     8 |    91 ||    99
  Dodge: Dodged            |    52 |    74 |    97 |   249 ||   472
  Block: Other             |       |     6 |    34 |    56 ||    96
         Reflection        |       |       |     1 |     1 ||     2
   Form: Flux              |       |       |     1 |       ||     1
         Beast             |       |       |       |     1 ||     1
         Maw               |       |       |       |     1 ||     1

Table legend: (Time is in decaauts)
 A = Elapsed time spent in this place.
 B = Non-inter-level travel time spent in this place.
 C = Inter-level travel time spent in this place.
 D = Time resting spent in this place.
 E = Time spent auto-exploring this place.
 F = Levels seen in this place.
 G = Mean time per level.
                   A        B        C        D        E       F      G
               +--------+--------+--------+--------+--------+-----+--------+
         Total |  12023 |  11633 |    390 |   1280 |   6256 |  15 |  801.5 |
       Dungeon |  11210 |  10820 |    390 |   1208 |   6256 |  11 | 1019.1 |
        Temple |     66 |     66 |      0 |      0 |      0 |   1 |   66.0 |
          Lair |    167 |    167 |      0 |      0 |      0 |   1 |  167.0 |
         Sewer |    101 |    101 |      0 |      0 |      0 |   1 |  101.0 |
      Gauntlet |    476 |    476 |      0 |     72 |      0 |   1 |  476.0 |
               +--------+--------+--------+--------+--------+-----+--------+

Top non-repeatable levels by time:
     D:5: 1580 daAuts
     D:9: 1274 daAuts
    D:11: 1273 daAuts
     D:7: 1258 daAuts
     D:8: 1104 daAuts
     D:1: 1012 daAuts
     D:3: 943 daAuts
    D:10: 771 daAuts
     D:2: 698 daAuts
     D:4: 650 daAuts
     D:6: 642 daAuts
Gauntlet: 476 daAuts
  Lair:1: 167 daAuts
   Sewer: 101 daAuts
  Temple: 66 daAuts
